 Dungeon Crawl Stone Soup version 0.28-a0-631-g0446da8ef9 (webtiles) character file.

Game seed: 12678016798528777994

484 funkygono the Firebug (level 6, -1/32 HPs)
             Began as a Deep Elf Fire Elementalist on Oct 10, 2021.
             Slain by a yak (13 damage)
             ... on level 4 of the Dungeon.
             The game lasted 00:09:49 (5528 turns).

funkygono the Firebug (Deep Elf Fire Elementalist)  Turns: 5528, Time: 00:09:49

Health: -1/32      AC:  3    Str:  5    XL:     6   Next: 88%
Magic:  15/16      EV: 13    Int: 22    God:
Gold:   177        SH:  0    Dex: 15    Spells: 6/16 levels left

rFire   . . .      SeeInvis .   c - +0 short sword
rCold   . . .      Faith    .   (no shield)
rNeg    . . .      Spirit   .   a - +0 robe
rPois   .          Reflect  .   (no helmet)
rElec   .          Harm     .   (no cloak)
rCorr   .          Rampage  .   d - +0 pair of gloves
Will    .....                   (no boots)
Stlth   ++........              (no amulet)
HPRegen 0.10/turn               (no ring)
MPRegen 0.15/turn               (no ring)

@: no status effects
A: no striking features
a: no special abilities


You were on level 4 of the Dungeon.
You visited 1 branch of the dungeon, and saw 5 of its levels.

You collected 177 gold pieces.

Inventory:

Hand Weapons
 c - a +0 short sword (weapon)
 l - the +11 trident "Iloh" {vorpal, +Blink rC+ Int+3}
   (You found it on level 4 of the Dungeon)

   It inflicts extra damage upon your enemies.
   Int:       It affects your intelligence (+3).
   rC:        It protects you from cold.
   +Blink:    It lets you blink.
Missiles
 b - 227 stones
Armour
 a - a +0 robe (worn)
 d - a +0 pair of gloves (worn)
Magical Staves
 m - a staff of poison
Scrolls
 i - a scroll of enchant armour {unknown}
 j - 3 scrolls of identify {unknown}
 k - a scroll of blinking {unknown}
Potions
 e - a potion of lignification {unknown}
 f - 3 potions of curing {unknown}
 g - 2 potions of cancellation {unknown}
 n - a potion of ambrosia {unknown}


   Skills:
 + Level 2.8 Dodging
 + Level 2.7 Stealth
 * Level 5.9 Spellcasting
 * Level 3.8 Conjurations
 * Level 6.1 Fire Magic


You had 6 spell levels left.
You knew the following spells:

 Your Spells              Type           Power      Damage    Failure   Level
a - Foxfire               Conj/Fire      100%       2x1d9     1%          1
b - Scorch                Fire           66%        2d8       1%          2
c - Conjure Flame         Conj/Fire      28%        6-21      3%          3
d - Flame Wave            Conj/Fire      28%        3d7       12%         4

Your spell library contained the following spells:

 Spells                   Type           Power      Damage    Failure   Level
 Inner Flame              Hex/Fire       20%        N/A       8%          3
 Sublimation of Blood     Necr           3%         N/A       14%         2
 Petrify                  Tmut/Erth      6%         N/A       67%         4
 Irradiate                Conj/Tmut      7%         3d16      75%         5


Dungeon Overview and Level Annotations

Branches:
Dungeon (5/15)
 Temple: D:4-7

Altars:

Shops:
D:3 :


Message History

You see here a +0 quarterstaff.
There is an open door here.
There is an open door here.
There is an open door here.
There is an open door here.
There is a stone staircase leading down here.
You climb downwards.
There is a stone staircase leading up here.
There is a stone staircase leading down here.
You climb downwards.
There is a stone staircase leading up here.
Done exploring.
Done exploring.
(D) Dungeon
Where to? (Enter - D:4, ? - help)
What level of the Dungeon? (default 1, ? - help)
You see here a +1 vorpal battleaxe.
There is a stone staircase leading down here.
You climb downwards.
The yak bellows! x4
Found a leather armour, 18 gold pieces and a scroll of amnesia.
Found a stone staircase leading down.
There is a stone staircase leading up here.
There are monsters nearby!
Casting: Foxfire (safe; 1% risk of failure)
Confirm with . or Enter, or press ? or * to list all spells.
You conjure some foxfire!
The foxfire hits the yak.
The yak is lightly wounded.
The foxfire hits the yak.
The yak is lightly wounded.
The yak gores you! The yak gores you!
You climb upwards.
There is a stone staircase leading down here.
Unknown command.
As you read the scroll of fog, it crumbles to dust.
The scroll dissolves into smoke.
The yak snorts and paws the ground.
The yak completely misses you. The yak gores you!
You die...

.......#### #...........#
....[...## ##...........#
.....<...#####............##
.....).....#...............#
..........................##
..........................#
................§.§......##
...............§§Y§......#
.......#####...Y@§......##
....#### ##..Y§§§...###
...## ##§......## .###
##.####..#### ## ###
##..#.## ###....##
###.......## ##..........#
#...........#


You could see 3 yaks.

Vanquished Creatures
  A necrophage (D:3)
  A phantom (D:4)
  A hound (D:4)
  Jessica (D:2)
  Terence (D:2)
  Natasha (thrice) (D:2)
  A hound skeleton (D:4)
  4 adders
  3 gnolls (D:4)
  An adder skeleton (D:4)
  3 worms
  3 dart slugs
  3 orcs (D:3)
  8 endoplasms
  2 giant cockroaches
  6 goblins
  9 hobgoblins
  5 jackals (D:4)
  5 kobolds
  4 quokkas
  6 ball pythons
  3 bats
  A frilled lizard (D:1)
  4 rats
79 creatures vanquished.

Vanquished Creatures (others)
  310 foxfires
310 creatures vanquished.

Grand Total: 389 creatures vanquished

Notes
Turn   | Place    | Note
-------+----------+-------------------------------------------
     0 | D:1      | funkygono the Deep Elf Fire Elementalist began the quest
                  | for the Orb.
     0 | D:1      | Reached XP level 1. HP: 10/10 MP: 6/6
   284 | D:1      | Reached XP level 2. HP: 6/15 MP: 2/8
   835 | D:1      | Reached skill level 4 in Fire Magic
  1207 | D:2      | Reached XP level 3. HP: 19/19 MP: 6/9
  1210 | D:2      | Learned a level 2 spell: Scorch
  1214 | D:2      | Learned a level 3 spell: Conjure Flame
  1417 | D:2      | Noticed Terence
  1429 | D:2      | Killed Terence
  1771 | D:2      | Reached XP level 4. HP: 24/24 MP: 9/12
  1774 | D:2      | Noticed Natasha
  1781 | D:2      | Killed Natasha
  1877 | D:2      | Noticed Jessica
  1882 | D:2      | Killed Jessica
  1883 | D:2      | Reached skill level 5 in Fire Magic
  2274 | D:2      | Found a faded altar of an unknown god.
  2606 | D:2      | Learned a level 4 spell: Flame Wave
  2668 | D:3      | Reached XP level 5. HP: 28/28 MP: 10/13
  3043 | D:3      | Found Fosk's Book Boutique.
  3488 | D:4      | Noticed a necrophage
  3526 | D:3      | Killed a necrophage
  3719 | D:4      | Reached XP level 6. HP: 13/32 MP: 10/15
  3954 | D:4      | Reached skill level 5 in Spellcasting
  4060 | D:4      | Identified the +11 trident "Iloh" {vorpal, +Blink rC+
                  | Int+3}
  4337 | D:4      | Reached skill level 6 in Fire Magic
  5190 | D:2      | Noticed Natasha
  5365 | D:2      | Killed Natasha
  5409 | D:2      | Noticed Natasha
  5412 | D:2      | Killed Natasha
  5524 | D:5      | Entered Level 5 of the Dungeon
  5524 | D:5      | Noticed a yak
  5524 | D:5      | Noticed a yak
  5524 | D:5      | Noticed a yak
  5524 | D:5      | Noticed a yak
  5524 | D:5      | Noticed a yak
  5524 | D:5      | Noticed a yak
  5528 | D:4      | Slain by a yak

Illustrated notes

Levels and vault maps discovered:
D:1:      dpeg_arrival_morbid_curiosity, layout_rooms, serial_glass,
          glass_columns_b, glass_columns_b
D:2:      layout_loops_corners, ebering_ecumenical_altar_hall, uniq_jessica,
          uniq_terence, uniq_natasha
D:3:      layout_basic, serial_shops, shop
D:4:      layout_cave_pods
D:5:      layout_layer_cave, marbit_many_paths, minmay_temple_entry_overgrown

Skill      XL: |  1  2  3  4  5  6 |
---------------+-------------------+-----
Fire Magic     | 4 5 6 |  6.1
Spellcasting   | 4 5 |  5.9
Conjurations   | 2 3 |  3.8
Dodging        | |  2.8
Stealth        | |  2.7

Action                   |  1- 3 |  4- 6 || total
-------------------------+-------+-------++-------
Melee: Short sword       |     5 |       ||     5
 Cast: Foxfire           |    76 |   104 ||   180
       Scorch            |       |     9 ||     9
  Use: Scroll            |     1 |     4 ||     5
Armor: Robe              |     2 |     1 ||     3
Dodge: Dodged            |     8 |    15 ||    23

Table legend: (Time is in decaauts)
 A = Elapsed time spent in this place.
 B = Non-inter-level travel time spent in this place.
 C = Inter-level travel time spent in this place.
 D = Time resting spent in this place.
 E = Time spent auto-exploring this place.
 F = Levels seen in this place.
 G = Mean time per level.
                   A        B        C        D        E       F      G
               +--------+--------+--------+--------+--------+-----+--------+
         Total |   5531 |   5255 |    276 |    277 |   3679 |   5 | 1106.2 |
       Dungeon |   5531 |   5255 |    276 |    277 |   3679 |   5 | 1106.2 |
               +--------+--------+--------+--------+--------+-----+--------+

Top non-repeatable levels by time:
     D:2: 2123 daAuts
     D:4: 1303 daAuts
     D:3: 1057 daAuts
     D:1: 1043 daAuts
     D:5: 2 daAuts
